 Dungeon Crawl Stone Soup version 0.19-a0-1187-g948eaf9 (webtiles) character file.

328 AlphabetPasta the Ruffian (level 1, -1/22 HPs)
             Began as a Troll Berserker on Aug 23, 2016.
             Was a Believer of Trog.
             Slain by a gnoll
             ... wielding a +0 club
              (5 damage)
             ... on level 2 of the Dungeon.
             The game lasted 00:06:02 (1373 turns).

AlphabetPasta the Ruffian (Troll Berserker)         Turns: 1373, Time: 00:06:02

Health: -1/22      AC:  5    Str: 24    XL:     1   Next: 0%
Magic:  0/0        EV: 10    Int:  3    God:    Trog [**....]
Gold:   146        SH:  0    Dex:  9    Spells: 0 memorised, 0 levels left

rFire  . . .     SeeInvis .       - Unarmed
rCold  + . .     Gourm    +     c - +0 robe {rN+}
rNeg   + . .     Faith    .     (no shield)
rPois  .         Spirit   .     (helmet restricted)
rElec  .         Dismiss  .     (no cloak)
rCorr  .         Reflect  .     (gloves unavailable)
SustAt .         Harm     .     (boots unavailable)
MR     .....                    (no amulet)
Stlth  +.........               (no ring)
                                d - ring of protection from cold

@: exhausted, marked, slowed, very slow
A: unfitting armour, claws 3, fast metabolism 3, gourmand, regeneration 2,
shaggy fur 1, tough skin 2
a: Berserk, Trog's Hand, Burn Spellbooks, Renounce Religion


You were on level 2 of the Dungeon.
You worshipped Trog.
Trog was pleased with you.
You were completely stuffed.

You visited 1 branch of the dungeon, and saw 2 of its levels.

You collected 146 gold pieces.

Inventory:

Missiles
 f - 3 tomahawks (quivered)
Armour
 a - a +0 animal skin
 c - a +0 robe of positive energy (worn)
Jewellery
 d - a ring of protection from cold (left claw)
Scrolls
 e - a scroll of identify
 i - 2 scrolls of remove curse
Potions
 k - a potion of flight
Comestibles
 b - 2 bread rations
 g - 10 chunks of flesh
 h - a meat ration


   Skills:
 + Level 2.4 Fighting
 + Level 2.4 Dodging
 + Level 3.0 Unarmed Combat


You couldn't memorise any spells.
You didn't know any spells.

Dungeon Overview and Level Annotations

Branches:
Dungeon (2/15)             Temple (0/1) D:1

Altars:
Cheibriados
Xom


Innate Abilities, Weirdness & Mutations

You are too large for most types of armour.
You have claws for hands.
Your metabolism is lightning-fast.
You like to eat raw meat.
You heal very quickly.
You are covered in fur. (AC +1)
You have very tough skin. (AC +2)


Message History

The gnoll hits you with a whip.
Things that are here:
a whip; a gnoll corpse The alarm trap emits a blaring wail!
A sentinel's mark forms upon you.
You hear a shout! x3
The gnoll hits you but does no damage.
Okay, then.
You claw the gnoll!
The gnoll is heavily wounded.
The gnoll hits you with a club.
* * * LOW HITPOINT WARNING * * *
You scratch the gnoll.
The gnoll is severely wounded.
The gnoll misses you.
A gnoll comes into view. It is wielding a spear.
You scratch the gnoll.
The gnoll is almost dead.
The gnoll hits you with a club.
You die...

#.#####.# ##### #.)<# #.# ####*
#...######### #.. ....* #......#
### ....* #......#####
....#############..........##
...........................>#####
#.......##########...............
#.#...#.##.###.⌠@##.##......#....
#.....#...###.≈##g########..#....
#.....#####..≈...g.#######..#....
#.....# #.≈..^≈.)_.#.......#....
......# #.##....≈≈.#.......#....
......####§..≈#.##..#..........##
........###g..#..)≈##..........##
..#####..##.#).(...≈#...##.......
.)# #.........).#≈#≈#.......#....


You could see 3 gnolls.

Vanquished Creatures
  33 gnolls
33 creatures vanquished.

Notes
Turn   | Place    | Note
-------+----------+-------------------------------------------
     0 | D:1      | AlphabetPasta the Troll Berserker began the quest for the Orb.
     0 | D:1      | Reached XP level 1. HP: 22/22 MP: 0/0
   572 | D:1      | Found a staircase to the Ecumenical Temple.
  1156 | D:2      | Reached ** piety under Trog
  1175 | D:2      | Found a snail-covered altar of Cheibriados.
  1310 | D:2      | Found a shimmering altar of Xom.
  1373 | D:2      | Slain by a gnoll

Vault maps used:
D:1:      evilmike_arrival_hilbert_curve, minmay_misc_feat_rows
D:2:      tgw_xom, nicolae_overflow_crystal_walls

Action                   || total
-------------------------++-------
Melee: Unarmed           ||   110
       Punch             ||     2
Invok: Berserk           ||     5
  Use: Scroll            ||     7
  Eat: Chunk             ||     6
Armor: Animal skin       ||    11
       Robe              ||     9
Dodge: Dodged            ||    33
